WCL
SPARTANBURG SPARTANS @ SUMTER GAMECOCKS
04/28/1982
 
TOP OF THE 1ST
Spartanburg Spartans batting - Pitching for Sumter Gamecocks : RHP Lance McCullers
Pitching: RHP Lance McCullers
Batting: SHB Michael Vanderburg 0-0: Foul Ball, location: 2F
0-1: Swinging Strike
0-2: Strikes out swinging
Batting: LHB Albert Ortiz 0-0: Called Strike
0-1: Ground out 3-1 (Groundball, 34S, EV 83.8 MPH)
Batting: RHB Gib Seibert 0-0: Called Strike
0-1: Called Strike
0-2: Foul Ball, location: 2F
0-2: Ground out 5-3 (Groundball, 56S, EV 64.4 MPH)
Top of the 1st over - 0 runs, 0 hits, 0 errors, 0 left on base; Spartanburg 0 - Sumter 0
BOTTOM OF THE 1ST
Sumter Gamecocks batting - Pitching for Spartanburg Spartans : LHP Scott Budner
Pitching: LHP Scott Budner
Batting: SHB John Cangelosi 0-0: Called Strike
0-1: Called Strike
0-2: Ball
1-2: SINGLE (Groundball, 6D, EV 96.9 MPH)
Batting: LHB Antonio Tapia 0-0: Ball
1-0: DOUBLE (Groundball, 3L, EV 105.6 MPH)
John Cangelosi to third
Batting: RHB Randy Washington 0-0: Swinging Strike
0-1: Foul Ball, location: 2F
0-2: Foul Ball, location: 2F
0-2: Foul Ball, location: 2F
0-2: Foul Ball, location: 2F
0-2: Ball
1-2: Foul Ball, location: 2F
1-2: Reached on error, E5 (Groundball, 5L, EV 81.9 MPH)
John Cangelosi scores
Antonio Tapia to third
Batting: RHB Ron Shepherd 0-0: Called Strike
0-1: Ball
1-1: Ground out 4-3 (Groundball, 13, EV 80.6 MPH)
Antonio Tapia scores
Randy Washington to second
Batting: RHB Kelly Gruber 0-0: Ball
1-0: Foul Ball, location: 2F
1-1: Ball
2-1: Ball
3-1: Called Strike
3-2: Base on Balls
Batting: RHB Vaughn Calloway 0-0: Called Strike
0-1: Grounds into double play, 6-4-3 (Groundball, 6, EV 94.4 MPH)
Bottom of the 1st over - 2 runs, 2 hits, 1 error, 1 left on base; Spartanburg 0 - Sumter 2
TOP OF THE 2ND
Spartanburg Spartans batting - Pitching for Sumter Gamecocks : RHP Lance McCullers
Batting: LHB John Hennell 0-0: Swinging Strike
0-1: Fly out, F7 (Flyball, 78S, EV 72.5 MPH)
Batting: RHB Van Sowards 0-0: Foul Ball, location: 2F
0-1: Foul Ball, location: 2F
0-2: Ball
1-2: Foul Ball, location: 2F
1-2: Foul Ball, location: 2F
1-2: Reached on error, E6 (Groundball, 6, EV 92.5 MPH)
Batting: LHB Warren McReddie 0-0: Foul Ball, location: 2F
0-1: Foul Ball, location: 2F
0-2: Ball
1-2: Ball
2-2: Grounds into double play, 6-4-3 (Groundball, 6, EV 97.5 MPH)
Top of the 2nd over - 0 runs, 0 hits, 1 error, 0 left on base; Spartanburg 0 - Sumter 2
BOTTOM OF THE 2ND
Sumter Gamecocks batting - Pitching for Spartanburg Spartans : LHP Scott Budner
Batting: RHB Jerry Hidalgo 0-0: Ball
1-0: Foul Ball, location: 2F
1-1: Ball
2-1: Foul Ball, location: 2F
2-2: Ball
3-2: Base on Balls
Batting: RHB Claude Johnson 0-0: Foul Ball, location: 2F
0-1: Grounds into double play, 5-4-3 (Groundball, 56, EV 89.4 MPH)
Batting: RHB Juan Hernandez 0-0: Called Strike
0-1: Ball
1-1: Ball
2-1: Ball
3-1: Base on Balls
Batting: SHB John Cangelosi 0-0: Ball
1-0: Ball
2-0: Foul Ball, location: 2F
2-1: Ball
3-1: Called Strike
3-2: Ground out 6-3 (Groundball, 56, EV 100.6 MPH)
Bottom of the 2nd over - 0 runs, 0 hits, 0 errors, 1 left on base; Spartanburg 0 - Sumter 2
TOP OF THE 3RD
Spartanburg Spartans batting - Pitching for Sumter Gamecocks : RHP Lance McCullers
Batting: RHB Ron Dillard 0-0: Ground out 6-3 (Groundball, 6, EV 98.1 MPH)
Batting: RHB Rigo Rodriguez 0-0: Ball
1-0: Ball
2-0: Ball
3-0: Called Strike
3-1: SINGLE (Groundball, 6MD, EV 106.9 MPH)
Batting: RHB Robin Dreizler 0-0: Ball
1-0: Called Strike
1-1: Ball
2-1: Swinging Strike
2-2: Fly out, F8 (Line Drive, 8RD, EV 93.1 MPH)
Batting: SHB Michael Vanderburg 0-0: Ground out 4-3 (Groundball, 4, EV 83.1 MPH)
Top of the 3rd over - 0 runs, 1 hit, 0 errors, 1 left on base; Spartanburg 0 - Sumter 2
BOTTOM OF THE 3RD
Sumter Gamecocks batting - Pitching for Spartanburg Spartans : LHP Scott Budner
Batting: LHB Antonio Tapia 0-0: Ball
1-0: Ball
2-0: Called Strike
2-1: Foul Ball, location: 2F
2-2: Ball
3-2: Foul Ball, location: 2F
3-2: DOUBLE (Line Drive, 8RXD, EV 103.1 MPH)
Batting: RHB Randy Washington 0-0: Ball
1-0: Ball
2-0: Fly out, F2 (Popup, 2RF, EV 94.4 MPH)
Batting: RHB Ron Shepherd 0-0: Ball
1-0: Ball
2-0: SINGLE (Groundball, 56D, EV 102.5 MPH)
Antonio Tapia to third
Runner from 3rd tries for Home, SAFE, throw by LF to home
Ron Shepherd to second
Batting: RHB Kelly Gruber 0-0: Ball
1-0: Called Strike
1-1: Ball
2-1: Ball
3-1: Called Strike
3-2: Fly out, F3 (Popup, 3SF, EV 75.0 MPH)
Batting: RHB Vaughn Calloway 0-0: Ball
1-0: Ball
2-0: Ball
3-0: Base on Balls
Batting: RHB Jerry Hidalgo 0-0: Called Strike
0-1: SINGLE (Groundball, 4MD, EV 103.8 MPH)
Ron Shepherd to third
Vaughn Calloway to second
Runner from 3rd tries for Home, SAFE, throw by CF to home
Batting: RHB Claude Johnson 0-0: Called Strike
0-1: Fielders Choice at 2nd, 6-4 (Groundball, 6, EV 102.5 MPH)
Bottom of the 3rd over - 2 runs, 3 hits, 0 errors, 2 left on base; Spartanburg 0 - Sumter 4
TOP OF THE 4TH
Spartanburg Spartans batting - Pitching for Sumter Gamecocks : RHP Lance McCullers
Batting: LHB Albert Ortiz 0-0: Swinging Strike
0-1: SINGLE (Groundball, 4MD, EV 101.9 MPH)
Batting: RHB Gib Seibert 0-0: Ball
1-0: Swinging Strike
1-1: Ball
2-1: Foul Ball, location: 2F
2-2: Strikes out swinging
Batting: LHB John Hennell 0-0: Ball
Wild Pitch!
Albert Ortiz to second
1-0: Ball
2-0: Ball
3-0: Called Strike
3-1: Foul Ball, location: 2F
3-2: SINGLE (Flyball, 7LS, EV 90.0 MPH) - OUT at second base trying to stretch hit.
Albert Ortiz scores
Batting: RHB Van Sowards 0-0: Ball
1-0: Called Strike
1-1: Ground out 4-3 (Groundball, 4M, EV 86.3 MPH)
Top of the 4th over - 1 run, 2 hits, 0 errors, 0 left on base; Spartanburg 1 - Sumter 4
BOTTOM OF THE 4TH
Sumter Gamecocks batting - Pitching for Spartanburg Spartans : LHP Scott Budner
Batting: RHB Juan Hernandez 0-0: Called Strike
0-1: Ball
1-1: SINGLE (Groundball, 4MD, EV 98.1 MPH)
Batting: SHB John Cangelosi 0-0: Called Strike
0-1: Ball
1-1: Ball
2-1: Foul Ball, location: 2F
2-2: Ball
3-2: Base on Balls
Juan Hernandez to second
Batting: LHB Antonio Tapia 0-0: Fly out, F7 (Flyball, 7LM, EV 93.8 MPH)
Batting: RHB Randy Washington 0-0: Foul Ball, location: 2F
0-1: Ball
1-1: Foul Ball, location: 2F
1-2: Ball
2-2: Grounds into double play, 5-4-3 (Groundball, 56, EV 90.6 MPH)
Bottom of the 4th over - 0 runs, 1 hit, 0 errors, 1 left on base; Spartanburg 1 - Sumter 4
TOP OF THE 5TH
Spartanburg Spartans batting - Pitching for Sumter Gamecocks : RHP Lance McCullers
Batting: LHB Warren McReddie 0-0: Called Strike
0-1: Bunt for hit to 15 - play at first, batter OUT! 1-3
Batting: RHB Ron Dillard 0-0: Ball
1-0: Ground out 4-3 (Groundball, 4, EV 106.9 MPH)
Batting: RHB Rigo Rodriguez 0-0: Called Strike
0-1: Called Strike
0-2: Ball
1-2: Ball
2-2: Foul Ball, location: 2F
2-2: Ball
3-2: SINGLE (Flyball, 5D, EV 86.3 MPH)
Batting: RHB Robin Dreizler 0-0: Swinging Strike
0-1: Foul Ball, location: 2F
0-2: Fielders Choice at 2nd, 6-4 (Groundball, 56D, EV 106.3 MPH)
Top of the 5th over - 0 runs, 1 hit, 0 errors, 1 left on base; Spartanburg 1 - Sumter 4
BOTTOM OF THE 5TH
Sumter Gamecocks batting - Pitching for Spartanburg Spartans : LHP Scott Budner
Batting: RHB Ron Shepherd 0-0: Ball
1-0: SINGLE (Groundball, 56D, EV 111.3 MPH) (infield hit)
Batting: RHB Kelly Gruber 0-0: Fly out, F2 (Popup, 23F, EV 80.0 MPH)
Batting: RHB Vaughn Calloway 0-0: Ball
1-0: Grounds into double play, 6-4-3 (Groundball, 6, EV 75.6 MPH)
Bottom of the 5th over - 0 runs, 1 hit, 0 errors, 0 left on base; Spartanburg 1 - Sumter 4
TOP OF THE 6TH
Spartanburg Spartans batting - Pitching for Sumter Gamecocks : RHP Lance McCullers
Batting: SHB Michael Vanderburg 0-0: Bunt missed!
0-1: Ball
1-1: Foul Ball, location: 2F
1-2: Ball
2-2: Ball
3-2: Foul Ball, location: 2F
3-2: Base on Balls
Batting: LHB Albert Ortiz 0-0: Ball
1-0: Ball
2-0: Foul Ball, location: 2F
2-1: Ball
3-1: Base on Balls
Michael Vanderburg to second
Batting: RHB Gib Seibert 0-0: DOUBLE (Line Drive, 89D, EV 110.0 MPH)
Michael Vanderburg scores
Albert Ortiz to third
Runner from 3rd tries for Home, SAFE, throw by RF to trailing runner, SAFE at third!
Batting: LHB John Hennell 0-0: Called Strike
0-1: Ball
1-1: Ball
2-1: SINGLE (Flyball, 4MD, EV 96.3 MPH)
Gib Seibert scores
Batting: RHB Van Sowards 0-0: Ball
1-0: Ball
2-0: Swinging Strike
2-1: Ball
3-1: Swinging Strike
3-2: Base on Balls
John Hennell to second
Batting: LHB Warren McReddie 0-0: Bunt missed!
0-1: Ball
1-1: Bunted foul
1-2: Ball
2-2: Fly out, F4 (Popup, 34, EV 46.9 MPH)
Batting: RHB Ron Dillard 0-0: Ball
1-0: Ball
2-0: Called Strike
2-1: Ball
3-1: Foul Ball, location: 2F
3-2: Base on Balls
John Hennell to third
Van Sowards to second
Batting: RHB Rigo Rodriguez 0-0: Ball
1-0: Grounds into double play, 5-4-3 (Groundball, 56S, EV 81.9 MPH)
Top of the 6th over - 3 runs, 2 hits, 0 errors, 2 left on base; Spartanburg 4 - Sumter 4
BOTTOM OF THE 6TH
Sumter Gamecocks batting - Pitching for Spartanburg Spartans : LHP Scott Budner
Batting: RHB Jerry Hidalgo 0-0: Ball
1-0: Called Strike
1-1: Foul Ball, location: 2F
1-2: Strikes out swinging
Batting: RHB Claude Johnson 0-0: Called Strike
0-1: Ball
1-1: Ball
2-1: Swinging Strike
2-2: Strikes out swinging
Batting: RHB Juan Hernandez 0-0: Ball
1-0: Ball
2-0: Ball
3-0: Called Strike
3-1: Base on Balls
Batting: SHB John Cangelosi 0-0: Ball
1-0: Ball
2-0: Ball
3-0: Called Strike
3-1: Called Strike
3-2: Base on Balls
Juan Hernandez to second
Batting: LHB Antonio Tapia 0-0: Ball
1-0: Called Strike
1-1: Ball
2-1: Called Strike
2-2: Ball
3-2: Foul Ball, location: 2F
3-2: Reached on error, E5 (Groundball, 5, EV 97.5 MPH)
Juan Hernandez to third
John Cangelosi to second
Batting: RHB Randy Washington 0-0: Ball
1-0: Called Strike
1-1: Called Strike
1-2: Fielders Choice at 2nd, U4 (Groundball, 4M, EV 90.6 MPH)
Bottom of the 6th over - 0 runs, 0 hits, 1 error, 3 left on base; Spartanburg 4 - Sumter 4
TOP OF THE 7TH
Spartanburg Spartans batting - Pitching for Sumter Gamecocks : RHP Lance McCullers
Batting: RHB Robin Dreizler 0-0: Foul Ball, location: 2F
0-1: Swinging Strike
0-2: Strikes out swinging
Batting: SHB Michael Vanderburg 0-0: Foul Ball, location: 2F
0-1: Ball
1-1: Ball
2-1: Foul Ball, location: 2F
2-2: Fly out, F9 (Line Drive, 9D, EV 97.5 MPH)
Batting: LHB Albert Ortiz 0-0: Ball
1-0: Ball
2-0: Ground out 6-3 (Groundball, 6, EV 86.3 MPH)
Top of the 7th over - 0 runs, 0 hits, 0 errors, 0 left on base; Spartanburg 4 - Sumter 4
BOTTOM OF THE 7TH
Sumter Gamecocks batting - Pitching for Spartanburg Spartans : LHP Scott Budner
Batting: RHB Ron Shepherd 0-0: Ball
1-0: Foul Ball, location: 2F
1-1: Ball
2-1: Ground out 6-3 (Groundball, 6, EV 86.3 MPH)
Batting: RHB Kelly Gruber 0-0: Foul Ball, location: 2F
0-1: Ball
1-1: Foul Ball, location: 2F
1-2: Ball
2-2: Foul Ball, location: 2F
2-2: Fly out, F9 (Line Drive, 9, EV 85.6 MPH)
Batting: RHB Vaughn Calloway 0-0: Ball
1-0: Called Strike
1-1: Ball
2-1: Foul Ball, location: 2F
2-2: Foul Ball, location: 2F
2-2: Ball
3-2: Fly out, F1 (Line Drive, P, EV 70.6 MPH)
Bottom of the 7th over - 0 runs, 0 hits, 0 errors, 0 left on base; Spartanburg 4 - Sumter 4
TOP OF THE 8TH
Spartanburg Spartans batting - Pitching for Sumter Gamecocks : RHP Lance McCullers
Batting: RHB Gib Seibert 0-0: Ball
1-0: TRIPLE (Flyball, 89XD, EV 95.6 MPH)
Batting: LHB John Hennell 0-0: Intentional Walk
Batting: RHB Van Sowards 0-0: Called Strike
0-1: Foul Ball, location: 2F
0-2: Ground out 5-3 (Groundball, 5S, EV 90.6 MPH)
John Hennell to second
Batting: LHB Warren McReddie 0-0: Ball
1-0: Foul Ball, location: 2F
1-1: Ball
2-1: Ball
3-1: Foul Ball, location: 2F
3-2: Foul Ball, location: 2F
3-2: Foul Ball, location: 2F
3-2: Strikes out swinging
Batting: RHB Ron Dillard 0-0: Called Strike
0-1: SINGLE (Line Drive, 9S, EV 87.5 MPH)
Gib Seibert scores
John Hennell to third
Runner from 3rd tries for Home, SAFE, throw by RF to home
Pitching: RHP Dave Wareham
Batting: RHB Rigo Rodriguez 0-0: Called Strike
0-1: Ball
1-1: Foul Ball, location: 2F
1-2: Foul Ball, location: 2F
1-2: Ball
2-2: Ball
Ron Dillard steals 2nd base
3-2: Foul Ball, location: 2F
3-2: Foul Ball, location: 2F
3-2: Strikes out looking
Top of the 8th over - 2 runs, 2 hits, 0 errors, 1 left on base; Spartanburg 6 - Sumter 4
BOTTOM OF THE 8TH
Sumter Gamecocks batting - Pitching for Spartanburg Spartans : LHP Scott Budner
Pitching: LHP James Eargle
Batting: RHB Jerry Hidalgo 0-0: Called Strike
0-1: Ball
1-1: Ball
2-1: Foul Ball, location: 2F
2-2: Ball
3-2: Base on Balls
Batting: RHB Claude Johnson 0-0: Called Strike
0-1: DOUBLE (Groundball, 5L, EV 96.3 MPH)
Jerry Hidalgo to third
Runner from 3rd tries for Home, SAFE, throw by LF to trailing runner, SAFE at third!
Pinch Hitting: RHB David Howard 0-0: Called Strike
0-1: Ball
1-1: SINGLE (Groundball, 6D, EV 110.0 MPH)
Claude Johnson scores
Batting: SHB John Cangelosi 0-0: Bunt missed!
0-1: Ball
1-1: Ball
2-1: Sac Bunt to 3S - play at first, batter OUT! 3-4
David Howard to second
Batting: LHB Antonio Tapia 0-0: Ball
1-0: SINGLE (Line Drive, 89M, EV 110.0 MPH)
David Howard to third
Batting: RHB Randy Washington 0-0: SINGLE (Groundball, 6MD, EV 104.4 MPH)
David Howard scores
Antonio Tapia to second
Runner from 2nd tries for 3rd, SAFE, no throw by CF
Batting: RHB Ron Shepherd 0-0: Ball
1-0: Ball
2-0: Ground out 5-3 (Groundball, 56S, EV 67.5 MPH)
Randy Washington to second
Batting: RHB Kelly Gruber 0-0: Fly out, F8 (Flyball, 78M, EV 89.4 MPH)
Bottom of the 8th over - 3 runs, 4 hits, 0 errors, 2 left on base; Spartanburg 6 - Sumter 7
TOP OF THE 9TH
Spartanburg Spartans batting - Pitching for Sumter Gamecocks : RHP Dave Wareham
Pitching: RHP Kurt Mattson
Now at SS: Timothy Thiessen
Pinch Hitting: LHB Ronn Van Krevelen 0-0: Ball
1-0: Called Strike
1-1: Ball
2-1: Ball
3-1: SINGLE (Groundball, 56, EV 78.8 MPH) (infield hit)
Batting: SHB Michael Vanderburg 0-0: Called Strike
0-1: Swinging Strike
0-2: Foul Ball, location: 2F
0-2: Ball
1-2: Strikes out swinging
Batting: LHB Albert Ortiz 0-0: Called Strike
0-1: Ball
1-1: Foul Ball, location: 2F
1-2: Strikes out swinging
Batting: RHB Gib Seibert 0-0: Called Strike
0-1: Foul Ball, location: 2F
0-2: Ball
1-2: SINGLE (Groundball, 34D, EV 103.1 MPH)
Ronn Van Krevelen to second
Runner from 2nd tries for 3rd, SAFE, throw by RF made to third
Batting: LHB John Hennell 0-0: Ball
1-0: Ball
2-0: Ball
3-0: Called Strike
3-1: Swinging Strike
3-2: Foul Ball, location: 2F
3-2: Reached on error, E4 (Groundball, 4, EV 88.1 MPH)
Ronn Van Krevelen scores
Gib Seibert to second
Batting: RHB Van Sowards 0-0: Ground out 4-3 (Groundball, 4, EV 86.3 MPH)
Top of the 9th over - 1 run, 2 hits, 1 error, 2 left on base; Spartanburg 7 - Sumter 7
BOTTOM OF THE 9TH
Sumter Gamecocks batting - Pitching for Spartanburg Spartans : LHP James Eargle
Now at C: Inocencio Guerrero
Batting: RHB Vaughn Calloway 0-0: Called Strike
0-1: Ball
1-1: Called Strike
1-2: Ball
2-2: Fly out, F7 (Flyball, 78S, EV 88.8 MPH)
Batting: RHB Jerry Hidalgo 0-0: Ball
1-0: Called Strike
1-1: Ball
2-1: Foul Ball, location: 2F
2-2: Ball
3-2: Base on Balls
Batting: RHB Claude Johnson 0-0: Ball
1-0: Ball
2-0: Ball
3-0: Called Strike
3-1: Fly out, F8 (Line Drive, 8RM, EV 97.5 MPH)
Batting: RHB Timothy Thiessen 0-0: Ball
Wild Pitch!
Jerry Hidalgo to second
1-0: SINGLE (Line Drive, 8RS, EV 105.0 MPH)
Jerry Hidalgo to third
Runner from 3rd tries for Home, SAFE, throw by CF to home
Bottom of the 9th over - 1 run, 1 hit, 0 errors, 0 left on base; Spartanburg 7 - Sumter 8
Thursday, July 23rd, 2020 - OOTP Baseball 21.5 Build 71